 Dungeon Crawl Stone Soup version 0.17.0-25-gefc9c12 (webtiles) character file.

5572 septik the Grappler (level 10, -1/98 HPs)
             Began as a Troll Monk on Nov 19, 2015.
             Was a High Priest of Okawaru.
             Slain by an unseen horror (4 damage)
             ... on level 10 of the Dungeon.
             The game lasted 00:16:48 (7834 turns).

septik the Grappler (Troll Monk)                    Turns: 7834, Time: 00:16:48

Health: -1/98      AC: 10    Str: 21    XL:     10   Next: 44%
Magic:  9/9        EV: 12    Int:  8    God:    Okawaru [*****.]
Gold:   683        SH:  0    Dex: 13    Spells: 0 memorised, 9 levels left

rFire  + . .     SeeInvis .       - Unarmed
rCold  + . .     Clarity  .     J - +2 robe {rC+ rF+}
rNeg   . . .     SustAt   .     (no shield)
rPois  .         Gourm    +     (helmet restricted)
rElec  .         Spirit   .     (no cloak)
rCorr  .         Warding  .     (gloves unavailable)
rMut   .         Stasis   .     (boots unavailable)
MR     .....                    (no amulet)
Stlth  ++........               y - ring of stealth
                                i - ring of flight

@: drained, not resistant to hostile enchantments, unstealthy
A: unfitting armour, claws 3, horns 1, icy blue scales 1, yellow scales 2,
clever 1, clumsy 1, deformed body, deterioration 1, fast metabolism 3, gourmand,
regeneration 2, shaggy fur 1, tough skin 2
a: Heroism, Finesse, Renounce Religion, Evoke Flight


You were on level 10 of the Dungeon.
You worshipped Okawaru.
Okawaru was extremely pleased with you.
You were full.

You visited 1 branch of the dungeon, and saw 10 of its levels.

You collected 683 gold pieces.

Inventory:

Hand Weapons
 r - a +3 quarterstaff of chaos
 M - a +3 triple sword of holy wrath
 N - a +0 giant club
Missiles
 d - 153 stones (quivered)
Armour
 a - a +1 robe
 J - a +2 robe of resistance (worn)
Jewellery
 i - a ring of flight (left claw)
 y - a ring of stealth (right claw)
 I - a cursed ring of loudness {unknown}
Wands
 q - a wand of slowing (17)
 s - a wand of fire (9)
 E - a wand of fire (12)
Scrolls
 e - 3 scrolls of magic mapping
 g - 2 scrolls of remove curse
 j - a scroll of noise {unknown}
 m - 5 scrolls of blinking
 n - 4 scrolls of fog
 v - 2 scrolls of enchant weapon {unknown}
 x - a scroll of amnesia
 G - 5 scrolls of identify
 K - a scroll of vulnerability {unknown}
Potions
 c - 4 potions of haste
 h - a potion of agility
 k - 2 potions of lignification {unknown}
 l - 2 potions of degeneration {unknown}
 o - 2 potions of flight
 u - 2 potions of berserk rage {unknown}
 w - a potion of cure mutation {unknown}
 z - 2 potions of ambrosia {unknown}
 B - 3 potions of brilliance {unknown}
 C - 2 potions of heal wounds {unknown}
 F - a potion of curing {unknown}
Books
 p - a book of Spatial Translocations

   Spells                             Type                      Level
   a - Apportation                    Translocation                1
   b - Blink                          Translocation                2
   c - Shroud of Golubria             Charms/Translocation         2
   d - Portal Projectile              Translocation                3
   e - Teleport Other                 Translocation                3
   f - Passage of Golubria            Translocation                4
 O - a book of Air

   Spells                             Type                      Level
   a - Shock                          Conjuration/Air              1
   b - Swiftness                      Charms/Air                   2
   c - Repel Missiles                 Charms/Air                   2
   d - Static Discharge               Conjuration/Air              3
   e - Lightning Bolt                 Conjuration/Air              5
Miscellaneous
 L - a phantom mirror
Comestibles
 b - 4 bread rations
 f - 6 fruits
 t - 3 meat rations
 A - a slice of pizza
 D - a beef jerky
 H - 10 royal jellies


   Skills:
 + Level 5.8(5.5) Fighting
 + Level 5.9(5.5) Dodging
 - Level 1.1(0.8) Stealth
 - Level 13.0(12.5) Unarmed Combat


You had 9 spell levels left.
You didn't know any spells.

Dungeon Overview and Level Annotations

Branches:
Dungeon (10/15)            Temple (0/1) D:7            Lair (0/8) D:10
    Orc: D:9-12

Altars:
Cheibriados
Dithmenos
Kikubaaqudgha
Okawaru
Sif Muna
Trog
Vehumet
Xom

Shops:
D:5 :


Innate Abilities, Weirdness & Mutations

You are too large for most types of armour.
You have claws for hands.
Your metabolism is lightning-fast.
You like to eat raw meat.
You heal very quickly.
You are covered in fur (AC +1).
You have very tough skin (AC +2).
You have a pair of small horns on your head.
You are partially covered in icy blue scales (AC +1).
You are mostly covered in yellow scales (AC +3).
Your mind is acute. (Int +2)
You are clumsy. (Dex -2)
Armour fits poorly on your strangely shaped body.
Your body sometimes deteriorates upon taking damage.


Message History

Something hits you. Something hits you. Something hits you!
* * * LOW HITPOINT WARNING * * *
Something hits you!
* * * LOW HITPOINT WARNING * * *
Something hits you but does no damage. Something hits you.
* * * LOW HITPOINT WARNING * * *
Something hits you but does no damage. Something hits you but does no damage.
Something hits you!
* * * LOW HITPOINT WARNING * * *
You mangle something!! You headbutt something. Something hits you.
* * * LOW HITPOINT WARNING * * *
Something hits you.
* * * LOW HITPOINT WARNING * * *
Something hits you but does no damage. Something hits you but does no damage.
Something hits you.
You die...

#...# #...###########
###################..............
.................................
.......................##########
.....!.........!.......#
..........$............#
.......................#
........%.......@......#
........%............>.#
.........................
..........................
##########################


There were no monsters in sight!

Vanquished Creatures
  Erica (D:8)
  Sigmund (D:3)
  2 hippogriffs
  A steam dragon (D:4)
  A hungry ghost (D:8)
  2 orc warriors
  3 ice beasts
  3 black bears
  2 necrophages
  3 sky beasts
  5 ogres
  3 phantoms
  A centaur (D:8)
  5 giant frogs
  2 big kobolds
  2 scorpions
  6 killer bees (D:9)
  3 wights (D:9)
  4 hounds
  A crimson imp (D:9)
  3 giant frog zombies
  4 jellies
  3 orc priests
  Crazy Yiuf (D:3)
  4 quasits
  3 orc wizards
  A centaur skeleton (D:6)
  Jessica (D:7)
  Terence (D:3)
  An iguana (D:9)
  6 worker ants
  Robin (D:3)
  15 adders
  7 gnolls
  A worker ant zombie (D:8)
  6 oozes
  2 worms
  6 giant geckos
  24 orcs
  2 ball pythons
  7 bats
  5 giant cockroaches
  12 hobgoblins
  24 jackals
  3 quokkas
  A giant gecko skeleton (D:9)
  3 giant newts
  21 goblins
  22 kobolds
  6 rats
247 creatures vanquished.

Notes
Turn   | Place    | Note
--------------------------------------------------------------
     0 | D:1      | septik the Troll Monk began the quest for the Orb.
     0 | D:1      | Reached XP level 1. HP: 22/22 MP: 0/0
    46 | D:1      | Reached XP level 2. HP: 22/29 MP: 1/1
   598 | D:1      | Reached XP level 3. HP: 33/36 MP: 2/2
   609 | D:1      | Reached skill level 5 in Unarmed Combat
  1155 | D:2      | Reached XP level 4. HP: 37/44 MP: 3/3
  1806 | D:3      | Reached skill level 6 in Unarmed Combat
  1816 | D:3      | Noticed Robin
  1822 | D:3      | Killed Robin
  1920 | D:3      | Reached XP level 5. HP: 32/50 MP: 4/4
  1939 | D:3      | Found a radiant altar of Vehumet.
  2009 | D:3      | Noticed Sigmund
  2038 | D:3      | Killed Sigmund
  2038 | D:3      | Reached skill level 7 in Unarmed Combat
  2038 | D:3      | Reached XP level 6. HP: 56/59 MP: 5/5
  2374 | D:3      | Noticed Crazy Yiuf
  2384 | D:3      | Killed Crazy Yiuf
  2507 | D:3      | Noticed Terence
  2516 | D:3      | Killed Terence
  2635 | D:4      | Found a snail-covered altar of Cheibriados.
  2698 | D:4      | Reached skill level 8 in Unarmed Combat
  2873 | D:4      | Found an iron altar of Okawaru.
  2878 | D:4      | Became a worshipper of Warmaster Okawaru
  2878 | D:4      | Reached * piety under Okawaru
  2878 | D:4      | Reached ** piety under Okawaru
  2918 | D:4      | Noticed a steam dragon
  2932 | D:4      | Killed a steam dragon
  2932 | D:4      | Reached XP level 7. HP: 32/66 MP: 6/6
  3222 | D:5      | Entered Level 5 of the Dungeon
  3240 | D:5      | Reached skill level 9 in Unarmed Combat
  3289 | D:5      | Found Qerghu's Book Emporium.
  3518 | D:5      | Found a bloodstained altar of Trog.
  3522 | D:5      | Found a shimmering altar of Xom.
  4023 | D:6      | Reached skill level 10 in Unarmed Combat
  4088 | D:6      | Reached XP level 8. HP: 50/74 MP: 7/7
  4089 | D:6      | Reached *** piety under Okawaru
  4197 | D:6      | Reached skill level 11 in Unarmed Combat
  4386 | D:6      | Found an ancient bone altar of Kikubaaqudgha.
  4887 | D:7      | Noticed Jessica
  4908 | D:7      | Killed Jessica
  4916 | D:7      | Found a deep blue altar of Sif Muna.
  4969 | D:7      | Reached skill level 12 in Unarmed Combat
  4992 | D:7      | Reached XP level 9. HP: 68/80 MP: 8/8
  5033 | D:7      | Found a shadowy altar of Dithmenos.
  5306 | D:7      | Reached **** piety under Okawaru
  5336 | D:7      | Found a staircase to the Ecumenical Temple.
  5561 | D:8      | Reached skill level 13 in Unarmed Combat
  5908 | D:8      | Noticed Erica
  5922 | D:8      | Killed Erica
  5922 | D:8      | Reached ***** piety under Okawaru
  6393 | D:8      | Gained mutation: You have a pair of small horns on your head. [mutagenic meat]
  6394 | D:8      | Gained mutation: You are clumsy. (Dex -2) [mutagenic meat]
  6395 | D:8      | Gained mutation: You are partially covered in icy blue scales (AC +1). [mutagenic meat]
  6581 | D:8      | Reached XP level 10. HP: 94/94 MP: 9/9
  6836 | D:9      | Reached skill level 5 in Fighting
  6836 | D:9      | Reached skill level 5 in Dodging
  7141 | D:9      | Found a shimmering altar of Xom.
  7187 | D:9      | Received a gift from Okawaru
  7594 | D:10     | Entered Level 10 of the Dungeon
  7670 | D:10     | Found a staircase to the Lair.
  7692 | D:10     | Gained mutation: You are partially covered in yellow scales (AC +2). [mutagenic meat]
  7693 | D:10     | Gained mutation: Your mind is acute. (Int +2) [mutagenic meat]
  7695 | D:10     | Gained mutation: Armour fits poorly on your strangely shaped body. [mutagenic meat]
  7696 | D:10     | Gained mutation: You are mostly covered in yellow scales (AC +3). [mutagenic meat]
  7720 | D:10     | Gained mutation: Your body sometimes deteriorates upon taking damage. [mutagenic meat]
  7831 | D:10     | HP: 1/98 [something (5)]
  7834 | D:10     | Slain by an unseen horror

Action                   |  1- 3 |  4- 6 |  7- 9 | 10-12 || total
-------------------------+-------+-------+-------+-------++-------
Melee: Unarmed           |   116 |   181 |   246 |   127 ||   670
Invok: Heroism           |       |       |     3 |     2 ||     5
  Use: Scroll            |     5 |     2 |    10 |       ||    17
 Stab: Sleeping          |     2 |     3 |     4 |     4 ||    13
  Eat: Chunk             |    16 |    14 |    33 |    22 ||    85
       Bread ration      |       |       |     1 |       ||     1
